AoeStats
← Broots

MegaRandom

508728667Analyzed
3v3 RM · 10d ago on Sep 23, 2026· 78m 16s· 6 players
Game mode
Random Map
Map size
Normal (6 player)
Population
200
Speed
Normal
Resources
Standard
Victory
Conquest
Starting age
Dark Age
Ending age
Imperial Age
RankedLock teamsTeams togetherTeam positionsShared explorationLock speedFull tech treeHidden civsTurbo modeCheats
Victory
Defeat
🇩🇪 Vikings · Germany
982
+14
🇩🇪 Magyars · Germany
982
+14
🇩🇪 Khmer · Germany
969
+14
🇺🇸 Jurchens · United States
982
-16
🇬🇧 Gurjaras · United Kingdom
915
-13
🇵🇰 Turks · Pakistan
914
-13
idontknow6525
9:50 Feudal Age
10:41 Double-Bit Axe
12:31 Horse Collar
16:56 Castle Age
21:51 Bow Saw
21:44 Heavy Plow
26:08 Scale Mail Armor
26:29 Fletching
27:29 Bodkin Arrow
28:22 Gold Mining
29:40 Chain Mail Armor
30:45 Forging
32:43 Wheelbarrow
32:43 Town Watch
32:48 Loom
33:07 Stone Mining
36:14 Imperial Age
35:24 Scale Barding Armor
36:56 Hand Cart
37:59 Stone Shaft Mining
38:18 Conscription
38:40 Plate Mail Armor
38:32 Town Patrol
39:35 Chain Barding Armor
39:59 Bloodlines
41:22 Plate Barding Armor
42:13 Iron Casting
42:00 Husbandry
42:42 Elite Shrivamsha Rider
44:46 Gold Shaft Mining
46:50 Bracer
46:16 Elite Chakram Thrower
60:05 Padded Archer Armor
60:12 Heavy Camel Rider
61:34 Hoardings
62:01 Frontier Guards
Hannaconda71
5:45 Loom
12:59 Feudal Age
17:28 Castle Age
16:10 Double-Bit Axe
16:09 Horse Collar
16:57 Scale Mail Armor
17:03 Fletching
20:13 Bow Saw
24:45 Bodkin Arrow
29:50 Chain Mail Armor
29:30 Pikeman
29:56 Gambesons
30:12 Squires
36:37 Siege Engineers
38:56 Wheelbarrow
42:42 Imperial Age
46:25 Heavy Scorpion
51:10 Heavy Rocket Cart
57:35 Chemistry
57:08 Caravan
58:37 Two-Man Saw
58:34 Arson
61:42 Ballistics
61:02 Halberdier
zainkb
12:26 Feudal Age
16:45 Castle Age
15:05 Double-Bit Axe
15:05 Horse Collar
18:22 Wheelbarrow
17:53 Heavy Plow
20:32 Loom
25:47 Fletching
28:48 Bow Saw
33:42 Imperial Age
31:30 Hand Cart
33:47 Bodkin Arrow
35:45 Bracer
38:25 Padded Archer Armor
38:37 Forging
38:32 Scale Barding Armor
39:25 Bloodlines
39:15 Husbandry
39:39 Leather Archer Armor
41:17 Artillery
41:38 Conscription
40:54 Cavalier
47:30 Heavy Camel Rider
51:48 Chain Barding Armor
52:05 Iron Casting
57:40 Blast Furnace
57:31 Plate Barding Armor
57:53 Caravan
dennememme
3:36 Loom
12:38 Feudal Age
13:21 Double-Bit Axe
13:19 Horse Collar
13:32 Gold Mining
19:03 Castle Age
17:28 Scale Barding Armor
19:14 Bloodlines
33:03 Imperial Age
33:44 Gold Shaft Mining
34:45 Caravan
35:23 Double Crossbow
39:39 Conscription
38:42 Elite Ballista Elephant
38:53 Elite Ballista Elephant
41:22 Heavy Scorpion
42:32 Chain Barding Armor
41:37 Elite Ballista Elephant
45:06 Elite Ballista Elephant
45:15 Elite Battle Elephant
46:08 Husbandry
47:36 Ballistics
48:03 Light Cavalry
51:23 Wheelbarrow
53:46 Forging
54:12 Plate Barding Armor
54:17 Siege Engineers
58:21 Chemistry
56:46 Hussar
58:26 Hoardings
58:21 Hand Cart
58:44 Iron Casting
61:43 Blast Furnace
72:14 Fortified Wall
72:33 Fletching
75:48 Town Watch
76:16 Bow Saw
75:59 Stone Mining
76:12 Heavy Plow
Broots
6:13 Loom
12:15 Feudal Age
18:41 Castle Age
16:51 Scale Mail Armor
18:42 Double-Bit Axe
20:10 Horse Collar
21:51 Forging
23:05 Arson
23:22 Squires
24:47 Fletching
25:18 Pikeman
29:29 Town Watch
32:36 Bodkin Arrow
32:41 Padded Archer Armor
32:48 Scale Barding Armor
34:24 Ballistics
34:49 Caravan
35:14 Padded Archer Armor
35:36 Chain Barding Armor
35:52 Iron Casting
35:52 Heavy Plow
40:44 Imperial Age
39:44 Chieftains
43:07 Gold Mining
44:38 Bracer
44:38 Padded Archer Armor
45:11 Conscription
48:31 Chain Mail Armor
49:17 Blast Furnace
51:27 Plate Mail Armor
55:53 Heavy Scorpion
58:33 Elite Skirmisher
58:43 Onager
60:47 Bogsveigar
60:09 Crossbowman
62:37 Elite Varangian Guard
65:52 Bow Saw
onerom
4:02 Loom
10:49 Feudal Age
11:31 Double-Bit Axe
11:31 Horse Collar
16:44 Scale Barding Armor
22:16 Castle Age
22:01 Fletching
23:34 Bow Saw
25:18 Heavy Plow
26:33 Wheelbarrow
26:23 Ballistics
26:40 Bodkin Arrow
26:55 Husbandry
27:06 Bloodlines
27:16 Thumb Ring
27:50 Chain Barding Armor
34:23 Hand Cart
39:34 Imperial Age
37:47 Corvinian Army
40:56 Bracer
41:31 Plate Barding Armor
42:04 Crop Rotation
42:37 Two-Man Saw
42:32 Elite Magyar Huszar
44:12 Conscription
44:43 Scale Mail Armor
47:05 Elite Skirmisher
48:19 Parthian Tactics
47:18 Heavy Cavalry Archer
50:02 Padded Archer Armor
50:53 Hoardings
51:07 Light Cavalry
52:33 Hussar
56:18 Coinage
55:49 Caravan
57:09 Leather Archer Armor
57:10 Chain Mail Armor
56:58 Cavalier
59:49 Paladin
67:30 Pikeman
68:54 Halberdier
74:58 Chemistry
76:50 Ring Archer Armor
Connection lost

Rejoining the realm…

Still unreachable

The connection could not be restored.

Session expired

The server has moved on; the page needs a fresh start.